 Dungeon Crawl Stone Soup version 0.28-a0-821-g923ab73998 (webtiles) character file.

Game seed: 5448295696764139143

2 MacCMillion the Ruffian (level 1, 22/22 HPs)
             Began as a Troll Monk on Nov 9, 2021.
             Was a Believer of Elyvilon.
             Quit the game on level 1 of the Dungeon.
             The game lasted 00:00:39 (270 turns).

MacCMillion the Ruffian (Troll Monk)                 Turns: 270, Time: 00:00:39

Health: 22/22      AC:  4    Str: 18    XL:     1   Next: 25%
Magic:  0/0        EV: 10    Int:  6    God:    Elyvilon [**....]
Gold:   26         SH:  0    Dex: 12    Spells: 0/0 levels left

rFire   . . .      SeeInvis .     - Unarmed
rCold   . . .      Faith    .   (no shield)
rNeg    . . .      Spirit   .   a - +0 robe
rPois   .          Reflect  .   (helmet restricted)
rElec   .          Harm     .   (no cloak)
rCorr   .          Rampage  .   (gloves unavailable)
Will    .....                   (boots unavailable)
Stlth   ++........              (no amulet)
HPRegen 1.07/turn               (no ring)
MPRegen 0.07/turn               (no ring)

@: no status effects
A: large, unfitting armour, claws 3, regeneration 1, shaggy fur 1, tough skin 1
a: Renounce Religion, Purification, Heal Other


You were on level 1 of the Dungeon.
You worshipped Elyvilon.
Elyvilon was pleased with you.
You visited 1 branch of the dungeon, and saw 1 of its levels.

You collected 26 gold pieces.

Inventory:

Armour
 a - a +0 robe (worn)
Scrolls
 b - a scroll of magic mapping {unknown}
 c - a scroll of identify {unknown}


   Skills:
 + Level 2.4 Fighting
 - Level 2.4 Dodging
 - Level 1.0 Stealth
 * Level 3.1 Unarmed Combat


You couldn't memorise any spells.
You didn't know any spells.
Your spell library was empty.

Dungeon Overview and Level Annotations

Branches:
Dungeon (1/15)

Altars:
Elyvilon


Innate Abilities, Weirdness & Mutations

You are too large for most types of armour.
You have claws for hands.
Your natural rate of healing is unusually fast.
You are covered in fur. (AC +1)
You have tough skin. (AC +1)


Message History

A rat comes into view.
A rat is nearby!
A rat is nearby!
A rat is nearby!
There is a stone staircase leading down here.
You see here a +0 club.
You barely miss the rat. The rat barely misses you.
You barely miss the rat. The rat closely misses you.
You claw the rat!
You kill the rat!
No target in view!
No target in view!
You see here a rat corpse.
b - a scroll labelled YKKISU YGEDGH
Found 21 arrows.
You see here 21 arrows.
Found 4 large rocks.
Key pressed, stopping explore.
Key pressed, stopping explore.
Key pressed, stopping explore.
Found a hunting sling.
Unknown command.
c - a scroll labelled WUXIAGH ILISH You see here a +0 hunting sling.
You now have 26 gold pieces (gained 10).
Found a faded altar of an unknown god.
Found a stone staircase leading down.
Key pressed, stopping explore.
Found 14 arrows.
A goblin comes into view. It is wielding a +0 dagger.
Found a warped golden ring.
The goblin shouts!
Okay, then.
There is a faded altar of an unknown god here.
You cannot tell which god this altar belongs to.
Convert to them anyway?
Elyvilon accepts your prayer! Elyvilon welcomes you!
You can now purify yourself.
You can now heal and attempt to pacify others.
You don't know any spells.
Are you sure you want to abandon this character and quit the game? (Confirm with "yes".)

###. #..# #^#. #..# #>#
#### #..# #.# #^# #..#
#.# ### ###..# #.# #i#
######....# #.# ###
..........# #.# ##### #N
#@..###.###...# ##
#g..........### #x
#.......###.######
......(.###.### #..##^#.
##..###.###.#####.#####.
=. ... ........###^#.
...###.####...####.
###.###.####....##..
............#..+.>


You could see a goblin.

Vanquished Creatures
  A ball python (D:1)
  A goblin (D:1)
  A rat (D:1)
3 creatures vanquished.

Notes
Turn   | Place    | Note
-------+----------+-------------------------------------------
     0 | D:1      | MacCMillion the Troll Monk began the quest for the Orb.
     0 | D:1      | Reached XP level 1. HP: 22/22 MP: 0/0
     0 | D:1      | Noticed a spriggan
     1 | D:1      | Noticed a dwarf
     2 | D:1      | Noticed a dwarf
     4 | D:1      | Noticed a felid
     6 | D:1      | Noticed a tengu
     7 | D:1      | Noticed a felid
     9 | D:1      | Noticed a tengu
    13 | D:1      | Noticed a spriggan
    13 | D:1      | Noticed an octopode
    15 | D:1      | Noticed a naga
    15 | D:1      | Noticed a naga
    15 | D:1      | Noticed a felid
    17 | D:1      | Noticed an octopode
    17 | D:1      | Noticed a spriggan
    19 | D:1      | Noticed a demonspawn
   258 | D:1      | Found a faded altar of an unknown god.
   269 | D:1      | Prayed at the altar of an unknown god.
   269 | D:1      | Became a worshipper of Elyvilon the Healer
   269 | D:1      | Reached * piety under Elyvilon
   269 | D:1      | Reached ** piety under Elyvilon
   270 | D:1      | Quit the game

Illustrated notes

Levels and vault maps discovered:
D:1:      shiori_arrival_whats_in_store_for_you, layout_loops_ring,
          hellmonk_ecumenical_altar_lost_god, chequers_serial_rivers_room_b

Action                   || total
-------------------------++-------
Melee: Unarmed           ||     6
Armor: Robe              ||     1
Dodge: Dodged            ||     3

Table legend: (Time is in decaauts)
 A = Elapsed time spent in this place.
 B = Non-inter-level travel time spent in this place.
 C = Inter-level travel time spent in this place.
 D = Time resting spent in this place.
 E = Time spent auto-exploring this place.
 F = Levels seen in this place.
 G = Mean time per level.
                   A        B        C        D        E       F      G
               +--------+--------+--------+--------+--------+-----+--------+
         Total |    269 |    269 |      0 |      0 |    240 |   1 |  269.0 |
       Dungeon |    269 |    269 |      0 |      0 |    240 |   1 |  269.0 |
               +--------+--------+--------+--------+--------+-----+--------+

Top non-repeatable levels by time:
     D:1: 269 daAuts
